 Dungeon Crawl Stone Soup version 0.25.0-3-gd7cc5688da (webtiles) character file.

Game seed: 159391489159724207

1451 mopl the Cleaver (level 8, -7/56 HPs)
             Began as a Demonspawn Gladiator on June 15, 2020.
             Mangled by a yak (12 damage)
             ... on level 9 of the Dungeon.
             The game lasted 00:07:06 (6030 turns).

mopl the Cleaver (Demonspawn Gladiator)             Turns: 6030, Time: 00:07:06

Health: -7/56      AC: 15    Str: 16    XL:     8   Next: 47%
Magic:  0/8        EV: 12    Int: 10    God:
Gold:   175        SH:  0    Dex: 15    Spells: 7/7 levels left

rFire    . . .     SeeInvis .   a - +0 war axe (pain)
rCold    + . .     Gourm    .   (no shield)
rNeg     . . .     Faith    +   s - +2 ring mail {rC+}
rPois    +         Spirit   +   f - +0 helmet
rElec    .         Reflect  .   (no cloak)
rCorr    .         Harm     .   z - +0 pair of gloves
MR       .....                  (no boots)
Stlth    +.........             u - amulet of faith
HPRegen  0.18/turn              w - ring of poison resistance
MPRegen  0.22/turn              g - +4 ring of protection

@: about to teleport, berserk cooldown, stab, slowed, very slow
A: claws 1, yellow scales 1, demonic guardian 1, magic shield, magic
regeneration
a: no special abilities


You were on level 9 of the Dungeon.
You were hungry.

You visited 1 branch of the dungeon, and saw 7 of its levels.
You also visited: Ossuary.

You collected 175 gold pieces.

Inventory:

Hand Weapons
 a - a +0 war axe of pain (weapon)
Missiles
 d - 3 throwing nets (quivered)
 v - 3 boomerangs
 x - 3 poisoned darts
Armour
 f - a +0 helmet (worn)
 s - a +2 ring mail of cold resistance (worn)
 z - a +0 pair of gloves (worn)
 A - a +0 plate armour
Jewellery
 g - a +4 ring of protection (right hand)
 p - an uncursed ring of see invisible
 u - an amulet of faith (around neck)
 w - a ring of poison resistance (left hand)
Scrolls
 b - a scroll of amnesia {unknown}
 j - 2 scrolls of teleportation
 k - 2 scrolls of fear {unknown}
 t - 3 scrolls of remove curse
 y - a scroll of enchant armour {unknown}
Potions
 e - 3 potions of curing
 h - a potion of lignification
 i - a potion of degeneration {unknown}
 l - 4 potions of stabbing
 m - 3 potions of might {unknown}
 n - a potion of ambrosia
 o - 3 potions of brilliance {unknown}
 q - 3 potions of haste
 r - 3 potions of cancellation
 B - a potion of berserk rage
 C - a potion of magic
 D - 2 potions of resistance
 E - a potion of mutation
Comestibles
 c - 12 rations


   Skills:
 - Level 2.0 Fighting
 * Level 10.0 Axes
 - Level 1.7 Throwing
 - Level 2.6 Dodging


You had 7 spell levels left.
You didn't know any spells.
Your spell library was empty.

Dungeon Overview and Level Annotations

Branches:
Dungeon (6/15)            Ossuary (visited)
 Temple: D:4-7

Altars:
Ashenzari
Okawaru
Qazlal
Trog

Shops:
D:5 (


Innate Abilities, Weirdness & Mutations

You have sharp fingernails.
You are partially covered in yellow scales. (AC +2)
A weak demonic guardian rushes to your aid.
When hurt, damage is shared between your health and your magic reserves.
You regenerate magic rapidly.


Message History

* * * LOW HITPOINT WARNING * * *
The yak bellows!
The yak gores you.
You can move again.
You swap places.
The yak gores your iron imp!
Your shadow imp barely misses the yak.
Your iron imp hits the yak!
The yak gores your iron imp!
Your iron imp dies!
Items here: )) [ † a +0 hand axe; a +1 vorpal hand axe; a cursed +0 plate armour; an orc corpse Your shadow imp hits the yak.
Your shadow imp barely misses the yak.
Items here: ( ) [ † a +0 morningstar; 3 boomerangs; a +0 leather armour; an orc corpse
As you read the scroll labeled FONUTA PAUBOFA, it crumbles to dust.
You feel strangely unstable.
It was a scroll of teleportation.
Your shadow imp completely misses the yak.
The yak misses you. The yak gores your shadow imp.
Your shadow imp hits the yak.
The yak gores your shadow imp.
Your shadow imp hits the kobold.
The yak gores you!
You die...

...o..o...#
#...#...#.#
# ##.##.#
## #.# #.#
#o# #)####
#))(.#
##.#@#
#..#Y#
#.##K#
..#5)#
####Y## .Y.
#..KY
#[...Y
...####


You could see 3 yaks, a kobold and a friendly shadow imp (summoned).

Vanquished Creatures
  Menkaure (D:5)
  2 orc warriors (D:9)
  6 water moccasin zombies (Ossuary)
  A crimson imp (D:5)
  2 orc priests
  5 orc wizards
  A centaur skeleton (D:5)
  Ijyb (D:4)
  2 worker ants (D:4)
  2 big kobold zombies (Ossuary)
  A hound zombie (D:5)
  2 mummies (Ossuary)
  10 adders
  3 oozes
  3 adder zombies (Ossuary)
  3 worms (D:2)
  3 dart slugs
  5 leopard geckos
  26 orcs
  2 giant cockroaches
  11 goblins
  5 hobgoblins
  9 jackals
  2 quokkas
  A ball python (D:3)
  8 bats
  5 frilled lizards
  4 hobgoblin zombies (Ossuary)
  A jackal skeleton (D:4)
  8 kobolds
  4 kobold zombies (Ossuary)
  9 orc zombies (Ossuary)
  A quokka skeleton (D:4)
  7 rats
156 creatures vanquished.

Vanquished Creatures (collateral kills)
  A sky beast (D:9)
  2 water moccasin zombies (Ossuary)
  A bullfrog skeleton (D:5)
  An orc wizard (D:5)
  An adder zombie (Ossuary)
  3 orcs
9 creatures vanquished.

Grand Total: 165 creatures vanquished

Notes
Turn   | Place    | Note
-------+----------+-------------------------------------------
     0 | D:1      | mopl the Demonspawn Gladiator began the quest for the Orb.
     0 | D:1      | Reached XP level 1. HP: 16/16 MP: 1/1
    93 | D:1      | Reached skill level 3 in Axes
   258 | D:1      | Gained mutation: A weak demonic guardian rushes to your
                  | aid. [demonic ancestry]
   258 | D:1      | Reached XP level 2. HP: 22/22 MP: 2/2
   873 | D:1      | Reached XP level 3. HP: 24/27 MP: 3/3
  1170 | D:2      | Reached skill level 4 in Axes
  1280 | D:2      | Gained mutation: You have sharp fingernails. [demonic
                  | ancestry]
  1280 | D:2      | Reached XP level 4. HP: 32/33 MP: 4/4
  1527 | D:2      | Reached skill level 5 in Axes
  1933 | D:2      | Gained mutation: When hurt, damage is shared between your
                  | health and your magic reserves. [demonic ancestry]
  1933 | D:2      | Reached XP level 5. HP: 23/38 MP: 5/5
  2578 | D:2      | Found a stormy altar of Qazlal.
  2802 | D:3      | Found a bloodstained altar of Trog.
  3753 | D:4      | Reached skill level 6 in Axes
  4019 | D:4      | Noticed Ijyb
  4034 | D:4      | Found a shattered altar of Ashenzari.
  4047 | D:4      | Paralysed by Ijyb for 3 turns
  4055 | D:4      | Killed Ijyb
  4055 | D:4      | Gained mutation: You regenerate magic rapidly. [demonic
                  | ancestry]
  4055 | D:4      | Reached XP level 6. HP: 44/44 MP: 6/6
  4791 | D:5      | Entered Level 5 of the Dungeon
  4802 | D:5      | Found Govysm's Weapon Shoppe.
  4855 | D:5      | Noticed Menkaure
  4864 | D:5      | Killed Menkaure
  4864 | D:5      | Reached skill level 7 in Axes
  4869 | D:5      | Found a sand-covered staircase.
  4883 | D:5      | Reached XP level 7. HP: 46/50 MP: 7/7
  4889 | Ossuary  | Entered an ossuary
  5095 | Ossuary  | Reached skill level 8 in Axes
  5199 | Ossuary  | Reached skill level 9 in Axes
  5199 | Ossuary  | Gained mutation: You are partially covered in yellow
                  | scales. (AC +2) [demonic ancestry]
  5199 | Ossuary  | Reached XP level 8. HP: 56/56 MP: 8/8
  5620 | D:5      | Found an iron altar of Okawaru.
  5957 | D:6      | You fall into a shaft and drop 3 floors!
  6016 | D:9      | Reached skill level 10 in Axes
  6030 | D:9      | Mangled by a yak

Illustrated notes

Levels and vault maps discovered:
D:1:      heliophobic_arrival_dark_side_of_the_moon, layout_loops_ring
D:2:      layout_loops_corners, grunt_qazlal_clouds, kennysheep_generic_room_13
D:3:      layout_basic, serial_park_tiny_pond, trog_butcher_becter
D:4:      layout_layer_cave, lemuel_coloured_pillars_altar, first_ration,
          serial_bayou_pond_d, uniq_ijyb
D:5:      layout_basic, okawaru_gym_becter, nicolae_ossuary_entry_ruins,
          serial_shops, shop, uniq_menkaure
D:6:      layout_rooms, trog_ov_bears_minmay, minitemple, basic_altar,
          minmay_misc_feat_secret_circle
D:9:      lemuel_ice_statue, layout_rooms, david_orc_4, basic_altar

Skill      XL: |  1  2  3  4  5  6  7  8 |
---------------+-------------------------+-----
Axes           | 3 4 5 6 7 9 10 | 10.0
Fighting       | |  2.0
Throwing       | |  1.7
Dodging        | |  2.6

Action                   |  1- 3 |  4- 6 |  7- 9 || total
-------------------------+-------+-------+-------++-------
Melee: War axe           |    71 |   264 |   213 ||   548
  Use: Scroll            |       |       |    10 ||    10
       Potion            |       |       |     3 ||     3
 Stab: Sleeping          |     1 |       |       ||     1
       Distracted        |       |     2 |     1 ||     3
  Eat: Chunk             |     1 |    12 |       ||    13
       Ration            |       |       |     1 ||     1
Armor: Leather armour    |    40 |     1 |       ||    41
       Ring mail         |       |    95 |    93 ||   188
       Chain mail        |       |    21 |       ||    21
       Plate armour      |       |     9 |       ||     9
Dodge: Dodged            |    70 |   201 |   131 ||   402
